 Dungeon Crawl Stone Soup version 0.29-a0-866-g0545e20025 (webtiles) character file.

Game seed: 10220081099083907600

54 Ajdolov the Shield-Bearer (level 3, -4/19 HPs)
             Began as a Vine Stalker Fighter on July 17, 2022.
             Slain by an iguana (11 damage)
             ... on level 3 of the Dungeon.
             The game lasted 00:02:31 (2070 turns).

Ajdolov the Shield-Bearer (Vine Stalker Fighter)    Turns: 2070, Time: 00:02:31

Health: -4/19      AC:  6    Str: 24    XL:     3   Next: 91%
Magic:  0/4        EV:  9    Int:  8    God:
Gold:   120        SH:  5    Dex: 15    Spells: 2/2 levels left

rFire   . . .      SeeInvis .   a - +0 long sword
rCold   . . .      Faith    .   c - +0 buckler
rNeg    . . .      Spirit   +   b - +0 scale mail
rPois   .          Reflect  .   (no helmet)
rElec   .          Harm     .   (no cloak)
rCorr   .          Rampage  .   (no gloves)
Will    .....                   (no boots)
Stlth   ..........              (no amulet)
HPRegen 0.06/turn               i - +6 ring of strength
MPRegen 0.09/turn               (no ring)

@: no status effects
A: fangs 2, magic shield, antimagic bite, no potion heal 2
a: no special abilities


You were on level 3 of the Dungeon.
You visited 1 branch of the dungeon, and saw 3 of its levels.

You collected 120 gold pieces.

Inventory:

Hand Weapons
 a - a +0 long sword (weapon)
Armour
 b - a +0 scale mail (worn)
 c - a +0 buckler (worn)
Jewellery
 i - a +6 ring of strength (left hand)
 l - a +6 ring of intelligence
Scrolls
 d - a scroll of silence {unknown}
 e - 5 scrolls of identify {unknown}
 f - a scroll of enchant armour {unknown}
 j - a scroll of amnesia {unknown}
 n - a scroll of teleportation {unknown}
Potions
 g - a potion of mutation {unknown}
 h - a potion of curing {unknown}
 k - a potion of heal wounds {unknown}
 m - a potion of attraction {unknown}


   Skills:
 - Level 2.6 Fighting
 * Level 3.2 Long Blades
 - Level 2.4 Armour
 + Level 3.2 Shields


You had 2 spell levels left.
You didn't know any spells.
Your spell library contained the following spells:

 Spells                   Type           Power      Damage    Failure   Level
 Magic Dart               Conj           0%         1d3       80%         1
 Call Imp                 Summ           0%         N/A       91%         2
 Gell's Gravitas          Tloc           0%         N/A       99%         3
 Lesser Beckoning         Tloc           0%         N/A       99%         3
 Mephitic Cloud           Conj/Pois/Air  0%         N/A       99%         3
 Ozocubu's Armour         Ice            0%         N/A       99%         3
 Teleport Other           Tloc           0%         N/A       99%         3
 Metabolic Englaciation   Hex/Ice        0%         N/A       100%        5
 Simulacrum               Ice/Necr       0%         N/A       100%        6


Dungeon Overview and Level Annotations

Branches:
Dungeon (3/15)

Altars:


Innate Abilities, Weirdness & Mutations

You have extremely sharp teeth.
When hurt, damage is shared between your health and your magic reserves.
Your bite disrupts and absorbs the magic of your enemies.
Potions cannot restore your health.


Message History

You barely miss the hobgoblin. Your bite misses the hobgoblin.
The hobgoblin is almost dead.
You block the hobgoblin's attack.
You slash the hobgoblin!
You kill the hobgoblin!
A goblin comes into view. It is wielding a +0 club.
The goblin shouts!
A rat comes into view.
You completely miss the goblin. The goblin hits you with a +0 club.
You hit the goblin.
You kill the goblin!
The rat bites you but does no damage.
Things that are here:
a +0 club; a goblin corpse You closely miss the rat.
Your bite misses the rat. The rat barely misses you.
You hit the rat.
You kill the rat!
No target in view!
An iguana comes into view.
The iguana hisses angrily.
You feel stronger.
i - a +6 ring of strength (left hand)
You hit the iguana.
The iguana is moderately wounded.
The iguana bites you. The iguana closely misses you.
You hit the iguana. You bite the iguana. You drain its power.
You feel invigorated.
The iguana is heavily wounded.
The iguana bites you!
You hit the iguana but do no damage. You bite the iguana, but do no damage.
The iguana is heavily wounded.
The iguana bites you.
You hit the iguana. You bite the iguana, but do no damage.
The iguana is severely wounded.
The iguana barely misses you.
You barely miss the iguana. Your bite misses the iguana.
The iguana is severely wounded.
The iguana bites you!
Ouch! That really hurt!
You die...

#.>......>.#
#.###.#####.#
#......#.#
##.###.#.# ...#
#.#.#
#.#.###.#.# #
#...#.....#.#.#
#...#####.#..#
#.....).@l..#
##..##.#####.#
# #.# .. ..# ##
##.# ..# ...
...


You could see an iguana.

Vanquished Creatures
  3 worms (D:2)
  6 bats
  4 endoplasms
  A giant cockroach (D:3)
  7 hobgoblins
  4 kobolds
  4 quokkas
  5 ball pythons
  A frilled lizard (D:1)
  2 goblins
  5 rats
42 creatures vanquished.

Notes
Turn   | Place    | Note
-------+----------+-------------------------------------------
     0 | D:1      | Ajdolov the Vine Stalker Fighter began the quest for the
                  | Orb.
     0 | D:1      | Reached XP level 1. HP: 11/11 MP: 2/2
   114 | D:1      | Reached XP level 2. HP: 2/16 MP: 1/3
   923 | D:2      | Found a faded altar of an unknown god.
  1028 | D:2      | Reached XP level 3. HP: 16/19 MP: 2/4
  2070 | D:3      | Slain by an iguana

Illustrated notes

Levels and vault maps discovered:
D:1:      evilmike_arrival_crescent, layout_rooms
D:2:      layout_loops_corners, ebering_ecumenical_altar_hall,
          minmay_misc_feat_plants
D:3:      layout_loops_ring, mainiacjoe_overflow_six_doors_small, uniq_grinder,
          uniq_ijyb, uniq_terence, uniq_crazy_yiuf_cottage

Skill      XL: |  1  2  3 |
---------------+----------+-----
Long Blades    | 2 3 |  3.2
Shields        | 3 |  3.2
Fighting       | |  2.6
Armour         | |  2.4

Action                   || total
-------------------------++-------
Melee: Long sword        ||   124
       Bite              ||    25
  Use: Potion            ||     1
Armor: Scale mail        ||    56
Dodge: Dodged            ||    62
Block: Buckler           ||    27

Table legend: (Time is in decaauts)
 A = Elapsed time spent in this place.
 B = Non-inter-level travel time spent in this place.
 C = Inter-level travel time spent in this place.
 D = Time resting spent in this place.
 E = Time spent auto-exploring this place.
 F = Levels seen in this place.
 G = Mean time per level.
                   A        B        C        D        E       F      G
               +--------+--------+--------+--------+--------+-----+--------+
         Total |   2108 |   2046 |     62 |    271 |   1394 |   3 |  702.7 |
       Dungeon |   2108 |   2046 |     62 |    271 |   1394 |   3 |  702.7 |
               +--------+--------+--------+--------+--------+-----+--------+

Top non-repeatable levels by time:
     D:2: 1052 daAuts
     D:1: 931 daAuts
     D:3: 125 daAuts
